 Dungeon Crawl Stone Soup version 0.28-a0-1235-g7c8fac35f0 (webtiles) character file.

Game seed: 3889429154071770735

4 Zonian the Insei (level 1, -1/15 HPs)
             Began as a Merfolk Transmuter on Dec 24, 2021.
             Was a Follower of Cheibriados.
             Frozen to death by an endoplasm (3 damage)
             ... on level 1 of the Dungeon.
             The game lasted 00:01:30 (693 turns).

Zonian the Insei (Merfolk Transmuter)                Turns: 693, Time: 00:01:31

Health: -1/15      AC:  2    Str: 12    XL:     1   Next: 70%
Magic:  2/3        EV: 13    Int: 14    God:    Cheibriados [*.....]
Gold:   39         SH:  0    Dex: 16    Spells: 3/4 levels left

rFire   . . .      SeeInvis .     - Unarmed
rCold   . . .      Faith    .   (no shield)
rNeg    . . .      Spirit   .   a - +0 robe
rPois   .          Reflect  .   (helmet currently unavailable)
rElec   .          Harm     .   (no cloak)
rCorr   .          Rampage  .   (no gloves)
Will    .....                   (boots currently unavailable)
Stlth   +.........              (no amulet)
HPRegen 0.05/turn               (no ring)
MPRegen 0.08/turn               (no ring)

@: appendages, flying, very slow
A: horns 2, (nimble swimmer 2), mertail
a: End Transformation, Renounce Religion, Bend Time


You were on level 1 of the Dungeon.
You worshipped Cheibriados.
Cheibriados was aware of your devotion.
You had temporarily grown beastly horns.
You visited 1 branch of the dungeon, and saw 1 of its levels.

You collected 39 gold pieces.

Inventory:

Missiles
 e - 9 sling bullets
Armour
 a - a +0 robe (worn)
Scrolls
 b - a scroll of enchant armour {unknown}
 d - a scroll of silence {unknown}
 f - a scroll of identify {unknown}


   Skills:
 + Level 1.2 Fighting
 + Level 2.8 Dodging
 + Level 0.1 Stealth
 + Level 3.3 Unarmed Combat
 + Level 2.0 Spellcasting
 + Level 2.8 Transmutations
 + Level 0.0 Invocations


You had 3 spell levels left.
You knew the following spells:

 Your Spells              Type           Power      Damage    Failure   Level
a - Beastly Appendage     Tmut           18%        N/A       8%          1

Your spell library contained the following spells:

 Spells                   Type           Power      Damage    Failure   Level
 Wereblood                Tmut           9%         N/A       11%         2
 Spider Form              Tmut/Pois      5%         N/A       36%         3
 Ice Form                 Ice/Tmut       5%         N/A       78%         4


Dungeon Overview and Level Annotations

Branches:
Dungeon (1/15)

Altars:
Cheibriados


Innate Abilities, Weirdness & Mutations

You have temporarily grown beastly horns.
((You are very nimble when in or above water. (Stealth+, EV+, Speed+++)))
Your lower body shifts to a powerful aquatic tail in water.


Message History

You completely miss the gnoll. You headbutt the gnoll.
The gnoll is heavily wounded.
The bat hits you. The gnoll hits you with a +0 club!
Ouch! That really hurt!
Unknown command.
You hit the gnoll but do no damage.
The gnoll is heavily wounded.
The bat barely misses you.
Unknown command.
You closely miss the gnoll. Your headbutt misses the gnoll.
The gnoll is heavily wounded.
The bat hits you. The gnoll closely misses you.
Unknown command.
You barely miss the gnoll.
The gnoll is heavily wounded.
The bat closely misses you. The gnoll barely misses you.
Unknown command.
You barely miss the gnoll.
The gnoll is heavily wounded.
The bat hits you but does no damage. The gnoll hits you with a +0 club.
* * * LOW HITPOINT WARNING * * *
Unknown command.
You hit the gnoll but do no damage.
The gnoll is heavily wounded.
The bat misses you. The endoplasm freezes you.
You are frozen.
* * * LOW HITPOINT WARNING * * *
The gnoll misses you.
You closely miss the gnoll.
The gnoll is heavily wounded.
The bat hits you but does no damage. The endoplasm closely misses you.
The gnoll closely misses you. The bat barely misses you.
Unknown command.
It was a potion of flight.
You feel very buoyant.
You fly up into the air.
The bat barely misses you. The endoplasm freezes you.
You are frozen.
You die...

.........+ ...#####..# .........#
#........# ........#.
#........###### ...#....#
#..............
........#.#+####+##.......#######
.....##.#...................#
.....+ .#..........#'##.....#
.....# ..........#.##.....#
.....# #.[...b@..#.##.....#
.....# ......Jg..#.##....>#
###### ..........#+##.....# # ##
........#..( ......# #...
........#..........# ....
.#.................# ....
#............. .... .....###
..... ####


You could see a gnoll, an endoplasm and a bat.

Vanquished Creatures
  A ball python (D:1)
  A hobgoblin (D:1)
  A bat (D:1)
  A frilled lizard (D:1)
  A rat (D:1)
5 creatures vanquished.

Notes
Turn   | Place    | Note
-------+----------+-------------------------------------------
     0 | D:1      | Zonian the Merfolk Transmuter began the quest for the Orb.
     0 | D:1      | Reached XP level 1. HP: 15/15 MP: 3/3
    95 | D:1      | Found a faded altar of an unknown god.
   104 | D:1      | Prayed at the altar of an unknown god.
   104 | D:1      | Became a worshipper of Cheibriados the Contemplative
   104 | D:1      | Reached * piety under Cheibriados
   693 | D:1      | Frozen to death by an endoplasm

Illustrated notes

Levels and vault maps discovered:
D:1:      minmay_arrival_shattered_statue, layout_basic,
          shapermc_ecumenical_altar_pompeii

Action                   || total
-------------------------++-------
Melee: Unarmed           ||    22
       Headbutt          ||     3
 Cast: Beastly Appendage ||     6
  Use: Potion            ||     1
Armor: Robe              ||     8
Dodge: Dodged            ||    18

Table legend: (Time is in decaauts)
 A = Elapsed time spent in this place.
 B = Non-inter-level travel time spent in this place.
 C = Inter-level travel time spent in this place.
 D = Time resting spent in this place.
 E = Time spent auto-exploring this place.
 F = Levels seen in this place.
 G = Mean time per level.
                   A        B        C        D        E       F      G
               +--------+--------+--------+--------+--------+-----+--------+
         Total |    759 |    759 |      0 |    354 |    262 |   1 |  759.0 |
       Dungeon |    759 |    759 |      0 |    354 |    262 |   1 |  759.0 |
               +--------+--------+--------+--------+--------+-----+--------+

Top non-repeatable levels by time:
     D:1: 759 daAuts
